 Dungeon Crawl Stone Soup version 0.26.0-16-gc1dbca0489 (webtiles) character file.

Game seed: 3218727536186623190

1596 hawla the Conjurer (level 8, -1/59 HPs)
             Began as a Pale Draconian Conjurer on Jan 18, 2021.
             Was an Initiate of Vehumet.
             Slain by Blork the orc
             ... wielding a +1 dire flail of protection
              (16 damage)
             ... on level 6 of the Dungeon.
             The game lasted 00:17:48 (6245 turns).

hawla the Conjurer (Pale Draconian Conjurer)        Turns: 6245, Time: 00:17:48

Health: -1/59      AC: 10    Str: 11    XL:     8   Next: 62%
Magic:  9/16       EV: 16    Int: 20    God:    Vehumet [......]
Gold:   272        SH:  0    Dex: 11    Spells: 11/18 levels left

rFire    . . .     SeeInvis .   p - +6 scimitar
rCold    . . .     Faith    .   (no shield)
rNeg     . . .     Spirit   .   (armour unavailable)
rPois    .         Reflect  .   (helmet restricted)
rElec    .         Harm     .   (no cloak)
rCorr    .         Rampage  .   A - +0 pair of gloves
Will     .....                  c - +2 pair of boots
Stlth    ++........             (no amulet)
HPRegen  0.19/turn              i - +4 ring of evasion
MPRegen  0.15/turn              x - ring of flight

@: lethally poisoned (-1 -> -5)
A: breathe steam, unfitting armour, horns 2, blink, strong 1, cold-blooded, AC
+6
a: Breathe Steam, Blink, Renounce Religion, Evoke Flight


You were on level 6 of the Dungeon.
You worshipped Vehumet.
Vehumet was noncommittal.
You visited 2 branches of the dungeon, and saw 7 of its levels.

You collected 317 gold pieces.
You spent 45 gold pieces at shops.

Inventory:

Hand Weapons
 p - a +6 scimitar (weapon)
Missiles
 l - 3 boomerangs
 s - 25 poisoned darts
Armour
 c - a +2 pair of boots (worn)
 A - a +0 pair of gloves (worn)
Magical Staves
 z - an uncursed staff of cold
Jewellery
 d - an uncursed amulet of faith
 i - a +4 ring of evasion (left hand)
 x - a ring of flight (right hand)
Wands
 q - a wand of acid (11)
 t - a wand of flame (28)
 B - a wand of random effects (12)
Scrolls
 h - 4 scrolls of remove curse
 k - 4 scrolls of enchant weapon
 n - a scroll of magic mapping
 u - a scroll of enchant armour
 v - a scroll of blinking
 y - a scroll of fear {unknown}
 D - a scroll of amnesia
Potions
 a - 4 potions of might
 b - 2 potions of heal wounds
 e - a potion of brilliance
 f - a potion of ambrosia
 g - a potion of magic
 j - 7 potions of curing
 m - a potion of berserk rage
 o - a potion of cancellation {unknown}
 r - a potion of invisibility
 w - a potion of lignification


   Skills:
 - Level 1.0 Fighting
 + Level 2.7 Staves
 - Level 2.0 Dodging
 - Level 2.0 Stealth
 + Level 5.9 Spellcasting
 + Level 7.1 Conjurations
 + Level 5.6 Translocations


You had 11 spell levels left.
You knew the following spells:

 Your Spells              Type           Power        Failure   Level
a - Magic Dart            Conj           100%         1%          1
b - Searing Ray           Conj           68%          1%          2
c - Iskenderun's Mystic   Conj/Tloc      31%          8%          4

Your spell library contained the following spells:

 Spells                   Type           Power        Failure   Level
 Dazzling Flash           Conj/Hex       40%          8%          3
 Fulminant Prism          Conj/Hex       10%          24%         4


Dungeon Overview and Level Annotations

Branches:
Dungeon (6/15)             Temple (1/1) D:5

Altars:
Ashenzari
Cheibriados
Dithmenos
Elyvilon
Fedhas
Gozag
Kikubaaqudgha
Makhleb
Nemelex Xobeh
Okawaru
Ru
Sif Muna
Trog
Uskayaw
Vehumet
Wu Jian
Yredelemnul
Zin
The Shining One

Shops:
D:4 !   D:5 ?

Annotations:
D:3 1 runed translucent door, Crazy Yiuf
D:4 1 runed translucent door, WimpyRanger's ghost, amateur OpEn
D:6 Blork the orc


Innate Abilities, Weirdness & Mutations

You can breathe blasts of scalding, opaque steam.
Your pale cyan-grey scales are hard. (AC +6)
You cannot fit into any form of body armour.
You are cold-blooded and may be slowed by cold attacks.
You have a pair of horns on your head.
You can translocate small distances at will.
Your muscles are strong. (Str +2)


Message History

The orc wizard mumbles some strange words.
The orc wizard blinks!
Casting: Iskenderun's Mystic Blast (dangerous; 8% risk of failure)
Confirm with . or Enter, or press ? or * to list all spells.
Aiming: Searing Ray (safe; 1% risk of failure)
Press: ? - help, Shift-Dir - straight line, f - orc
Aim: an orc, wielding a +1 whip of electrocution (19% to evade)
The searing ray hits something!
The searing ray hits the orc!
You kill the orc!
Vehumet accepts your kill. (Press . to maintain the ray.)
Something barely misses you. Something hits you but does no damage.
The searing ray hits something.
The searing ray hits something!
You feel sick. The orc closely misses you. Something hits you.
* * * LOW HITPOINT WARNING * * *
The searing ray hits the orc!
You kill the orc!
Vehumet accepts your kill. Something hits you!
You die...

<#.# #.##
....... ## #
#..# .......
.
##.##.......
##
#..#.......
##.#.......
#.#.......
#.........
##.####+##
#@# ####.##
#...{o#
#...).#
#.....#
#....)o#
######o# .o.
#...


You could see an orc wizard (fast) and 3 orcs.

Vanquished Creatures
  Sigmund (D:3)
  Edmund (D:5)
  A sky beast (D:5)
  3 ogres
  A centaur (D:5)
  A bullfrog (D:2)
  2 scorpions
  A wight (D:3)
  A bullfrog zombie (D:5)
  2 orc priests
  A hound (D:4)
  A centaur skeleton (D:5)
  Ijyb (D:5)
  Jessica (D:3)
  6 orc wizards
  4 worker ants
  A hound zombie (D:5)
  A hound skeleton (D:5)
  7 adders
  A shadow imp (D:5)
  2 white imps (D:5)
  2 adder skeletons
  An adder zombie (D:6)
  4 worms
  A dart slug (D:3)
  2 leopard geckos
  15 orcs
  13 bats
  6 giant cockroaches
  9 goblins
  7 hobgoblins
  10 jackals
  6 kobolds
  4 frilled lizards
  A jackal skeleton (D:5)
  A leopard gecko zombie (D:5)
  A quokka zombie (D:6)
  A rat (D:3)
124 creatures vanquished.

Vanquished Creatures (others)
  7 plants (D:3)
7 creatures vanquished.

Grand Total: 131 creatures vanquished

Notes
Turn   | Place    | Note
-------+----------+-------------------------------------------
     0 | D:1      | hawla the Draconian Conjurer began the quest for the Orb.
     0 | D:1      | Reached XP level 1. HP: 14/14 MP: 3/3
   531 | D:1      | Reached XP level 2. HP: 22/22 MP: 3/5
   537 | D:1      | Learned a level 2 spell: Searing Ray
   636 | D:1      | Reached skill level 1 in Fighting
  1373 | D:2      | Reached XP level 3. HP: 28/28 MP: 1/7
  1489 | D:2      | Noticed a bullfrog
  1500 | D:2      | Killed a bullfrog
  1501 | D:2      | Reached XP level 4. HP: 18/35 MP: 1/10
  1514 | D:2      | Learned a level 4 spell: Iskenderun's Mystic Blast
  2277 | D:3      | Gained mutation: Your muscles are strong. (Str +2) [potion
                  | of mutation]
  2277 | D:3      | Gained mutation: You have a pair of small horns on your
                  | head. [potion of mutation]
  2277 | D:3      | Gained mutation: You can translocate small distances at
                  | will. [potion of mutation]
  2277 | D:3      | Gained mutation: You have a pair of horns on your head.
                  | [potion of mutation]
  2389 | D:3      | Found a transporter.
  2411 | D:3      | Reached skill level 1 in Translocations
  2411 | D:3      | Reached XP level 5. HP: 9/40 MP: 5/11
  2907 | D:3      | Found a sacrificial altar of Ru.
  2913 | D:3      | Noticed Jessica
  2920 | D:3      | Killed Jessica
  3028 | D:3      | Found a transporter.
  3030 | D:3      | Found a shadowy altar of Dithmenos.
  3104 | D:3      | Reached XP level 6. HP: 31/47 MP: 0/12
  3451 | D:3      | Noticed Sigmund
  3465 | D:3      | Killed Sigmund
  3466 | D:3      | Reached skill level 5 in Conjurations
  3702 | D:3      | Found a runed translucent door.
  3703 | D:3      | Noticed Crazy Yiuf
  3797 | D:3      | Found a bloodstained altar of Trog.
  4030 | D:4      | Your scales start taking on a pale cyan-grey colour.
  4030 | D:4      | Reached XP level 7. HP: 52/52 MP: 10/14
  4123 | D:4      | Reached skill level 5 in Spellcasting
  4255 | D:4      | Reached skill level 6 in Conjurations
  4395 | D:4      | Found Furaun's Distillery.
  4529 | D:4      | Found a runed translucent door.
  4534 | D:4      | Noticed WimpyRanger's ghost (amateur OpEn)
  4869 | D:5      | Entered Level 5 of the Dungeon
  4999 | D:5      | Noticed Edmund
  5008 | D:5      | Killed Edmund
  5010 | D:5      | Reached skill level 1 in Staves
  5010 | D:5      | Reached XP level 8. HP: 47/59 MP: 1/16
  5014 | D:5      | Found Voumup Qeho's Magic Scroll Shop.
  5176 | D:5      | Reached skill level 5 in Translocations
  5226 | D:5      | Noticed Ijyb
  5234 | D:5      | Killed Ijyb
  5410 | D:5      | Bought a scroll of amnesia for 45 gold pieces
  5646 | D:5      | Found a staircase to the Ecumenical Temple.
  5663 | Temple   | Entered the Ecumenical Temple
  5793 | Temple   | Became a worshipper of Vehumet
  6032 | D:6      | Reached skill level 7 in Conjurations
  6088 | D:6      | Found a burning altar of Makhleb.
  6225 | D:6      | Noticed Blork the orc
  6245 | D:6      | Slain by Blork the orc

Illustrated notes

Levels and vault maps discovered:
D:1:      nicolae_arrival_somewhat_less_tricky_arrival, layout_loops_ring,
          minivault_11
D:2:      cheibrodos_helix_gallery, layout_basic
D:3:      layout_rooms, general_overflow_altar, gammafunk_temple_overflow_arena,
          serial_bayou_ford_a, roderic_batcave, trog_book,
          uniq_crazy_yiuf_cottage, uniq_sigmund, uniq_jessica
D:4:      layout_basic, serial_shops, kennysheep_little_box,
          ebering_ghost_sewer_d
D:5:      lemuel_upstairs_altar, layout_rooms, minmay_temple_entry_statues,
          serial_shops, kennysheep_mini_moat, uniq_ijyb, uniq_edmund
D:6:      layout_basic, kennysheep_mini, uniq_blork_the_orc, uniq_menkaure
Temple:   nicolae_temple_elliptical

Skill      XL: |  1  2  3  4  5  6  7  8 |
---------------+-------------------------+-----
Stealth        | 2 |  2.0
Dodging        | 2 |  2.0
Fighting       | 1 |  1.0
Spellcasting   | 4 5 |  5.9
Translocations | 1 2 3 4 5 |  5.6
Conjurations   | 5 6 7 |  7.1
Staves         | 1 2 |  2.7

Action                   |  1- 3 |  4- 6 |  7- 9 || total
-------------------------+-------+-------+-------++-------
Melee: Club              |    18 |    14 |       ||    32
       Tailslap          |     1 |       |     4 ||     5
       Scimitar          |       |       |    32 ||    32
       Headbutt          |       |       |     5 ||     5
 Cast: Magic Dart        |    29 |    21 |    37 ||    87
       Searing Ray       |    10 |    29 |    28 ||    67
       Iskenderun's Myst |       |     1 |     2 ||     3
 Abil: Blink             |       |       |     3 ||     3
  Use: Scroll            |     4 |    11 |    12 ||    27
       Potion            |       |     1 |       ||     1
Armor: Skin              |    15 |    25 |    19 ||    59
Dodge: Dodged            |    16 |    37 |    53 ||   106
       Rpst.: Scimitar   |       |     3 |    12 ||    15
